 Dungeon Crawl Stone Soup version 0.25-a0-731-g0472a16d6a (webtiles) character file.

Game seed: 2348106634058346803, levelgen mode: deterministic

6522 Hastur the Fighter (level 11, -5/90 HPs)
             Began as a Barachi Air Elementalist on Apr 8, 2020.
             Was a Priest of Sif Muna.
             Slain by Erolcha
             ... wielding a +0 giant club
              (15 damage)
             ... on level 10 of the Dungeon.
             The game lasted 00:40:56 (15320 turns).

Hastur the Fighter (Barachi Air Elementalist)      Turns: 15320, Time: 00:40:56

Health: -5/90      AC:  7    Str: 10    XL:     11   Next: 0%
Magic:  24/24      EV: 10    Int: 23    God:    Sif Muna [***...]
Gold:   406        SH:  0    Dex: 13    Spells: 15/28 levels left

rFire    . . .     SeeInvis .   I - +1 spear (venom)
rCold    + . .     Gourm    .   (no shield)
rNeg     . . .     Faith    .   G - +2 ring mail {MR+}
rPois    .         Spirit   .   (no helmet)
rElec    .         Reflect  .   (no cloak)
rCorr    .         Harm     .   (no gloves)
MR       +....                  (no boots)
Stlth    +.........             (no amulet)
HPRegen  0.25/turn              j - ring of protection from cold
MPRegen  0.19/turn              D - +5 ring of intelligence

@: slowed, very slow
A: +LOS, swims, slowness 1, strong legs 1
a: Hop, Channel Magic, Forget Spell, Renounce Religion


You were on level 10 of the Dungeon.
You worshipped Sif Muna.
Sif Muna was most pleased with you.
You were hungry.

You visited 2 branches of the dungeon, and saw 11 of its levels.
You also visited: Sewer.

You collected 406 gold pieces.

Inventory:

Hand Weapons
 a - a +1 hunting sling
 b - a +2 dagger of flaming
 w - a +4 vorpal broad axe
 I - a +1 spear of venom (weapon)
Missiles
 g - 137 stones
 r - 69 sling bullets
 A - 41 poisoned darts (quivered)
 C - 3 throwing nets
Armour
 i - a +0 robe
 G - a +2 ring mail of magic resistance (worn)
Jewellery
 j - a ring of protection from cold (left hand)
 D - a +5 ring of intelligence (right hand)
Wands
 s - a wand of iceblast (1)
 u - a wand of polymorph (8)
 y - a wand of random effects (8)
Scrolls
 d - a scroll of fog {unknown}
 f - 5 scrolls of identify
 m - a scroll of noise
 n - a scroll of enchant weapon
 p - 2 scrolls of remove curse
 q - 4 scrolls of teleportation
 t - a scroll of amnesia {unknown}
 H - a scroll of magic mapping {unknown}
 K - a scroll of torment {unknown}
Potions
 e - 6 potions of flight
 h - 2 potions of ambrosia
 k - 2 potions of might
 l - 6 potions of curing
 o - 3 potions of stabbing {unknown}
 v - 3 potions of mutation {unknown}
 x - a potion of brilliance {unknown}
 z - a potion of berserk rage {unknown}
 B - a potion of invisibility {unknown}
 E - a potion of lignification {unknown}
 F - a potion of degeneration {unknown}
Comestibles
 c - 12 rations
 J - 3 chunks of flesh


   Skills:
 - Level 10.0 Fighting
 - Level 2.1 Dodging
 - Level 1.7 Stealth
 + Level 9.2 Spellcasting
 + Level 8.8 Conjurations
 + Level 8.7 Air Magic


You had 15 spell levels left.
You knew the following spells:

 Your Spells              Type           Power        Failure   Level  Hunger
a - Shock                 Conj/Air       ####         1%          1    None
b - Static Discharge      Conj/Air       ######..     1%          3    None
c - Airstrike             Air            ######....   4%          4    ##.....
d - Lightning Bolt        Conj/Air       ######....   12%         5    ####...

Your spell library contained the following spells:

 Spells                   Type           Power        Failure   Level  Hunger
 Swiftness                Chrm/Air       ####....     4%          2    None


Dungeon Overview and Level Annotations

Branches:
Dungeon (10/15)            Temple (1/1) D:4            Lair (0/6) D:8
  Sewer (visited)
    Orc: D:9-12

Altars:
Ashenzari
Cheibriados
Dithmenos
Elyvilon
Fedhas
Gozag
Hepliaklqana
Kikubaaqudgha
Makhleb
Nemelex Xobeh
Okawaru
Qazlal
Ru
Sif Muna
Trog
Uskayaw
Vehumet
Wu Jian
Xom
Yredelemnul
Zin
The Shining One
Beogh

Shops:
D:5 :

Annotations:
D:6 1 runed translucent door, Supaplex's ghost, novice GrFi
D:10 Erolcha


Innate Abilities, Weirdness & Mutations

You can be seen from farther away. (+LOS)
You can swim through water.
You cover ground slowly.
You can hop short distances.


Message History

The orc wizard moves out of view.
The orc hits you but does no damage.
Items here: )) [[ † a +0 dagger; a +0 robe; a +0 trident; a +0 chain mail; an orc corpse You hit the orc.
The orc is poisoned.
The orc is severely wounded.
You kill the orc!
Sif Muna accepts your kill. Something hits you!
The orc warrior throws a stone.
The stone hits you!
You hear some strange, mumbled words.
A crystal spear appears from out of thin air!
The crystal spear hits you!!!
Ouch! That really hurt!
* * * LOW HITPOINT WARNING * * *
The orc zaps a wand.
The puff of flame hits you!
* * * LOW HITPOINT WARNING * * *
The orc warrior throws a stone.
The stone hits you!
* * * LOW HITPOINT WARNING * * *
Something hits you!
You die...

#......##
#.....##
#.%.#....# ###
#...## #..#.#
#....## ##....#
############....#
......oo<@(.##.##
#..........#####
##.####...##
#####


You could see an orc warrior and an orc.

Vanquished Creatures
  Harold (D:8)
  2 hornets
  Prince Ribbit (D:5)
  A hippogriff (D:9)
  A hungry ghost (D:9)
  A spriggan (D:7)
  Menkaure (D:4)
  3 black bears
  4 orc warriors
  2 ice beasts
  3 sky beasts
  A necrophage (D:9)
  5 ogres
  3 phantoms
  5 centaurs
  A crocodile (D:7)
  A big kobold (Sewer)
  2 bullfrogs
  5 scorpions
  6 killer bees
  4 howler monkeys
  2 crimson imps
  A bullfrog skeleton (D:7)
  9 hounds
  A jelly (D:6)
  5 orc priests
  An iguana (D:6)
  A centaur skeleton (D:9)
  Jessica (D:2)
  Ijyb (D:4)
  12 orc wizards
  3 worker ants
  A hound zombie (D:8)
  3 hound skeletons
  A worker ant zombie (D:8)
  7 gnolls
  16 adders
  2 shadow imps
  3 oozes
  2 adder skeletons
  A worm (D:2)
  5 leopard geckos
  29 orcs
  9 bats
  A giant cockroach (D:3)
  7 hobgoblins
  5 jackals
  2 quokkas
  3 ball pythons
  3 frilled lizards
  4 goblins
  2 jackal skeletons (D:5)
  A jackal zombie (D:6)
  15 kobolds
  2 leopard gecko skeletons
  10 rats
224 creatures vanquished.

Notes
Turn   | Place    | Note
-------+----------+-------------------------------------------
     0 | D:1      | Hastur the Barachi Air Elementalist began the quest for the
                  | Orb.
     0 | D:1      | Reached XP level 1. HP: 13/13 MP: 3/3
   887 | D:1      | Reached skill level 1 in Fighting
   887 | D:1      | Reached XP level 2. HP: 21/21 MP: 3/5
  1335 | D:2      | Reached XP level 3. HP: 7/27 MP: 2/6
  1356 | D:1      | HP: 1/27 [poisoned by an adder]
  1642 | D:2      | Learned a level 3 spell: Static Discharge
  1812 | D:2      | Reached XP level 4. HP: 23/33 MP: 0/7
  2623 | D:2      | Noticed Jessica
  2693 | D:2      | Killed Jessica
  2980 | D:2      | Reached XP level 5. HP: 38/38 MP: 7/9
  3567 | D:3      | Found a glowing drain.
  3578 | Sewer    | Entered a sewer
  3947 | Sewer    | Noticed a big kobold
  3963 | Sewer    | Killed a big kobold
  3963 | Sewer    | Reached XP level 6. HP: 18/44 MP: 1/12
  4843 | D:4      | Noticed a phantom
  4867 | D:4      | Killed a phantom
  4867 | D:4      | Reached skill level 5 in Spellcasting
  5095 | D:4      | Found a staircase to the Ecumenical Temple.
  5111 | Temple   | Entered the Ecumenical Temple
  5595 | Temple   | Became a worshipper of Sif Muna the Loreminder
  5615 | D:4      | Learned a level 4 spell: Airstrike
  5690 | D:4      | Reached skill level 5 in Air Magic
  5690 | D:4      | Reached XP level 7. HP: 44/49 MP: 2/14
  5707 | D:4      | Noticed Menkaure
  5797 | D:4      | Killed Menkaure
  6114 | D:4      | Found a roughly hewn altar of Beogh.
  6164 | D:4      | Noticed Ijyb
  6183 | D:4      | Killed Ijyb
  6599 | D:5      | Entered Level 5 of the Dungeon
  6800 | D:5      | Reached XP level 8. HP: 41/56 MP: 2/15
  7477 | D:5      | Learned a level 5 spell: Lightning Bolt
  7490 | D:5      | Found Betuoph's Book Emporium.
  7662 | D:5      | Reached skill level 2 in Fighting
  7911 | D:5      | Reached skill level 3 in Fighting
  7969 | D:5      | Reached skill level 5 in Conjurations
  8165 | D:5      | Noticed Prince Ribbit
  8219 | D:5      | Reached skill level 4 in Fighting
  8319 | D:5      | Killed Prince Ribbit
  8362 | D:6      | Reached * piety under Sif Muna
  8951 | D:5      | Found Betuoph's Book Emporium.
  9125 | D:5      | Reached skill level 5 in Fighting
  9125 | D:5      | Reached XP level 9. HP: 67/68 MP: 4/16
  9393 | D:6      | Reached skill level 6 in Fighting
  9587 | D:6      | Found a runed translucent door.
  9587 | D:6      | Found a shimmering altar of Xom.
  9587 | D:6      | Noticed a +1 dagger of chaos
  9587 | D:6      | Noticed Supaplex's ghost (novice GrFi)
  9815 | D:6      | Reached skill level 7 in Fighting
 10173 | D:6      | Found a sacrificial altar of Ru.
 10907 | D:7      | Reached skill level 8 in Fighting
 10938 | D:7      | Noticed a hornet
 10941 | D:7      | Killed a hornet
 11237 | D:7      | Reached XP level 10. HP: 65/82 MP: 15/19
 11345 | D:7      | Reached ** piety under Sif Muna
 11345 | D:7      | Reached skill level 9 in Fighting
 11726 | D:7      | Found a hide-covered altar of Uskayaw.
 13027 | D:8      | Reached skill level 10 in Fighting
 13033 | D:8      | Noticed Harold
 13261 | D:8      | Found a radiant altar of Vehumet.
 13600 | D:8      | Killed Harold
 13777 | D:8      | Found a bloodstained altar of Trog.
 13895 | D:8      | Found a staircase to the Lair.
 14319 | D:9      | Found a shimmering altar of Xom.
 14984 | D:10     | Entered Level 10 of the Dungeon
 15221 | D:10     | Reached *** piety under Sif Muna
 15222 | D:10     | Reached XP level 11. HP: 77/90 MP: 16/24
 15309 | D:10     | Noticed Erolcha
 15320 | D:10     | Slain by Erolcha

Levels and vault maps discovered:
D:1:      minmay_arrival_widening_spiral_wide, layout_basic
D:2:      layout_loops_ring, uniq_jessica
D:3:      layout_rooms, cheibrodos_sewer_entry_sluice
D:4:      minmay_wonky_spiral, layout_basic, minmay_temple_entry_wispy,
          first_ration, minmay_misc_feat_tower, kennysheep_orc_chapel,
          uniq_menkaure, uniq_ijyb
D:5:      layout_gridville, serial_shops, shop, uniq_prince_ribbit1
D:6:      layout_rooms, ebering_ghost_xom, nicolae_ru_great_annihilating_truth
D:7:      layout_basic, marbit_many_paths, the_bakery
D:8:      layout_cave_pools, lair_entry_dummy, basic_altar,
          trog_three_pillars_becter, uniq_harold
D:9:      minmay_bloctagon_deflated, layout_grid_maze, basic_altar, st_stairs_7
D:10:     layout_cave_pools, minmay_orc_entry_temple_large, serial_shops, shop,
          uniq_erolcha, uniq_psyche
Temple:   nicolae_temple_the_god_donut

Skill      XL: |  1  2  3  4  5  6  7  8  9 10 |
---------------+-------------------------------+-----
Fighting       | 1 5 8 10 | 10.0
Conjurations   | 2 3 4 6 8 |  8.8
Air Magic      | 4 5 7 8 |  8.7
Spellcasting   | 3 4 5 6 9 |  9.2
Dodging        | |  2.1
Stealth        | |  1.7

Action                   |  1- 3 |  4- 6 |  7- 9 | 10-12 || total
-------------------------+-------+-------+-------+-------++-------
Melee: Unarmed           |     1 |       |    13 |       ||    14
       Dagger            |    26 |     2 |       |       ||    28
       Spear             |       |       |       |    10 ||    10
 Fire: Hunting sling     |       |    61 |    24 |    14 ||    99
Throw: Stone             |     1 |       |       |       ||     1
       Dart              |       |       |       |     1 ||     1
 Cast: Shock             |    42 |   110 |   200 |   117 ||   469
       Static Discharge  |       |     2 |    51 |    45 ||    98
       Airstrike         |       |       |     8 |    15 ||    23
       Lightning Bolt    |       |       |       |     5 ||     5
 Abil: Hop               |       |       |     2 |       ||     2
Evoke: Wand              |       |       |     2 |     3 ||     5
  Use: Potion            |     2 |       |       |     3 ||     5
       Scroll            |       |     8 |     3 |       ||    11
  Eat: Chunk             |     3 |    13 |    13 |    10 ||    39
       Ration            |       |       |     3 |     2 ||     5
Armor: Robe              |    11 |    20 |     5 |     5 ||    41
       Skin              |       |       |     1 |       ||     1
       Ring mail         |       |       |       |    14 ||    14
Dodge: Dodged            |    49 |    66 |    64 |    50 ||   229

Table legend:
 A = Non-vault XP
 B = Vault XP
 C = Vault XP percentage of total XP
 D = Non-vault monster count
 E = Vault monster count
 F = Vault count percentage of total count
                 A         B        C        D         E       F
            +---------+---------+-------+---------+---------+-------
      Total |    7225 |    2093 |  22.5 |     181 |      43 |  19.2
            +---------+---------+-------+---------+---------+-------
        D:1 |      11 |       0 |   0.0 |       8 |       0 |   0.0
        D:2 |     163 |      37 |  18.5 |      28 |       1 |   3.4
        D:3 |      28 |       3 |   9.7 |       7 |       2 |  22.2
        D:4 |     513 |     261 |  33.7 |      14 |       7 |  33.3
        D:5 |     900 |     259 |  22.3 |      23 |       1 |   4.2
        D:6 |    1227 |      41 |   3.2 |      24 |       4 |  14.3
        D:7 |    1624 |     201 |  11.0 |      30 |       1 |   3.2
        D:8 |    1087 |     992 |  47.7 |      22 |       1 |   4.3
        D:9 |    1012 |     161 |  13.7 |      17 |       2 |  10.5
       D:10 |     660 |       0 |   0.0 |       8 |       0 |   0.0
      Sewer |       0 |     138 | 100.0 |       0 |      24 | 100.0
            +---------+---------+-------+---------+---------+-------
